 Dungeon Crawl Stone Soup version 0.32-a0-918-g0f22ef8d61 (webtiles) character file.

Game seed: 12732171113064221608

4598 NormalPerson7 the Thaumaturge (level 10, -1/63 HPs)
             Began as a Mummy Ice Elementalist on Apr 10, 2024.
             Was a Priest of Hepliaklqana.
             Constricted to death by Erica (8 damage)
             ... on level 9 of the Dungeon.
             The game lasted 00:33:06 (8189 turns).

NormalPerson7 the Thaumaturge (MuIE)                Turns: 8189, Time: 00:33:07

Health: -1/63      AC:  4    Str: 11    XL:     10   Next: 19%
Magic:  12/22      EV:  0    Int: 19    God:    Hepliaklqana [***...]
Gold:   326        SH:  5    Dex: 21    Spells: 9/25 levels left

rFire   . . .        z - +9 whip of Fate {speed, rF+ Dex+2 SInv}
rCold   + . .        w - +0 buckler
rNeg    + + +        e - +0 troll leather armour {Pargi}
rPois   ∞            (no helmet)
rElec   .            h - +0 cloak
rCorr   .            (no gloves)
SInv    +            (no boots)
Will    ++...        i - amulet of magic regeneration
Stlth   ++           W - ring of willpower
HPRegen 1.10/turn    k - +6 ring of dexterity
MPRegen 0.58/turn

%: faith
@: constricted
A: reduced essence, cold resistance 1, negative energy resistance 3, torment
resistance 2, heat vulnerability 1, in touch with death 1, no potions, faith
a: Renounce Religion, Recall Ancestor, Ancestor Identity, Transference


You were on level 9 of the Dungeon.
You worshipped Hepliaklqana.
Hepliaklqana was most pleased with you.
You visited 2 branches of the dungeon, and saw 10 of its levels.

You collected 326 gold pieces.

Inventory:

Hand Weapons
 b - a +0 sling
 f - a +4 whip
 u - a +1 short sword of venom
 z - the +9 whip of Fate (weapon) {speed, rF+ Dex+2 SInv}
   (You found it on level 7 of the Dungeon)

   Dex+2:     It affects your dexterity (+2).
   rF+:       It protects you from fire.
   SInv:      It lets you see invisible.
 B - a +3 trident of venom
Missiles
 c - 112 stones
 l - 3 atropa-tipped darts
 s - 31 poisoned darts
Armour
 a - a +0 robe
 e - a +0 troll leather armour (worn) {Pargi}
 h - a +0 cloak (worn)
 j - an orb of light
 w - a +0 buckler (worn)
 F - a +1 robe of cold resistance
Magical Staves
 r - a staff of air
Jewellery
 i - an amulet of magic regeneration (around neck)
 k - a +6 ring of dexterity (right hand)
 p - a ring of flight
 t - a ring of willpower
 W - a ring of willpower (left hand)
Wands
 A - a wand of digging (3)
 D - a wand of roots (6)
Scrolls
 d - a scroll of enchant armour
 g - a scroll of brand weapon
 m - 2 scrolls of amnesia
 n - a scroll of fear {unknown}
 o - a scroll of fog
 q - a scroll of butterflies {unknown}
 v - a scroll of noise {unknown}
 x - a scroll of blinking
 y - a scroll of vulnerability
 E - a scroll of revelation {unknown}
 G - a scroll of immolation {unknown}


   Skills:
 - Level 3.0 Fighting
 - Level 1.5 Dodging
 - Level 1.5 Stealth
 - Level 3.0 Shields
 - Level 8.0 Spellcasting
 - Level 3.0 Summonings
 - Level 7.0 Ice Magic
 + Level 7.9 Alchemy


You had 9 spell levels left.
You knew the following spells:

 Your Spells              Type           Power      Damage    Failure   Level
a - Freeze                Ice            100%       1d10      1%          1
b - Summon Ice Beast      Ice/Summ       26%        N/A       7%          3
c - Ozocubu's Armour      Ice            34%        N/A       3%          3
o - Olgreb's Toxic Radia  Alch           37%        N/A       7%          4
r - Frozen Ramparts       Ice            68%        1d11      3%          3
v - Mercury Vapours       Alch/Air       44%        N/A       5%          2

Your spell library contained the following spells:

 Spells                   Type           Power      Damage    Failure   Level
 Sting                    Conj/Alch      88%        1d8       3%          1
 Fugue of the Fallen      Necr           11%        N/A       45%         3
 Manifold Assault         Tloc           3%         N/A       100%        7
 Ozocubu's Refrigeration  Ice            17%        4d11      100%        7
 Discord                  Hex            3%         N/A       100%        8


Dungeon Overview and Level Annotations

Branches:
Dungeon (9/15)             Temple (1/1) D:5
   Lair: D:8-11         Orc: D:9-12

Altars:
Ashenzari
Dithmenos
Gozag
Hepliaklqana
Kikubaaqudgha
Makhleb
Nemelex Xobeh
Okawaru
Qazlal
Ru
Sif Muna
Uskayaw
Vehumet
Wu Jian
Xom
Yredelemnul

Shops:
D:7 =

Annotations:
D:9 Erica, Maggie


Innate Abilities, Weirdness & Mutations

Your life essence is reduced to manifest your ancestor. (-10% HP)
You are immune to poison.
Your flesh is cold resistant. (rC+)
You are immune to negative energy. (rN+++)
You are immune to unholy pain and torment.
You are vulnerable to heat. (rF-)
You are in touch with the powers of death.
You do not drink.
You have a special connection with the divine. (Faith)


Message History

You whack Erica!
Erica is heavily wounded.
You kill the orc!
The wall freezes Erica but does no damage.
Erica barely misses you. You block Erica's attack.
Press: ? - help, v - describe, . - travel A stone wall, covered with ice.
Unknown command.
You closely miss Erica.
Erica is heavily wounded.
You hit Erica.
Erica is severely wounded.
The orc priest invokes the aid of Beogh against you.
Beogh smites you!
The wall freezes the orc warrior.
The wall freezes Erica!
Erica hits you with a +0 scimitar of flaming!
Erica burns you. Erica grabs you. Erica constricts you.
You hear a shout!
You can't drink.
Okay, then.
Unknown command.
Unknown command.
Okay, then.
Unknown command.
Throw: dart (curare)
Press: ? - help, Q - select action, (/) - cycle Shift-Dir - straight line, f/p - Erica
Aim: Erica, wielding a +0 scimitar of flaming and wearing a +4 ring of protection (severely wounded, constricting you, slightly transparent, extremely poisoned, 50% to hit)
You throw a curare-tipped dart. The curare-tipped dart hits Erica.
Erica looks as sick as possible!
Erica struggles to breathe.
Erica seems to slow down.
Erica is almost dead.
The frozen ramparts melt away.
The orc warrior hits your ice beast with a +0 long sword.
Erica hits you with a +0 scimitar of flaming!
* * * LOW HITPOINT WARNING * * *
Erica burns you.
* * * LOW HITPOINT WARNING * * *
Erica constricts you!
You die...
Erica begins burbling mirthfully and uncontrollably.
Hepliaklqana delivers you to your ancestors.

####.#####.#####.##.....#
#
+...○○°°.).○......#.....#
####
+...○°°...)○......'.....#
#...
+...○○....)☼......#.....#
#.##
.#####§#####°#####.....#
####.# #§# #§#
#ß.....###.)..# #○# #§#
##.........####
#############.......)..#
......x@.........)..#
...####Y####........# #o#
#........# #o.
..........#
..####........# .$.
......$...# ....
..#.......# # ....
..........####
..........'c.'


You could see Erica (invisible, extremely poisoned, slow), an orc warrior
(poisoned), an orc priest (poisoned) and a friendly ice beast (summoned).

Vanquished Creatures
  Eustachio (D:5)
  2 wyverns
  A yak (D:9)
  A steam dragon (D:7)
  A water moccasin (D:8)
  Pargi (D:4)
  2 black bears
  An ogre (D:6)
  5 centaurs
  2 kobold brigands
  A gnoll sergeant (D:6)
  A scorpion (D:3)
  2 wights (D:8)
  4 killer bees (D:9)
  2 hounds
  A jelly (D:5)
  2 gnoll boudas
  A sleepcap (D:4)
  An iguana (D:7)
  14 gnolls
  11 adders
  An ufetubus (D:6)
  2 ribbon worms
  11 orcs
  6 endoplasms
  A giant cockroach (D:4)
  5 hobgoblins
  3 quokkas
  5 ball pythons
  9 bats
  2 frilled lizards
  10 goblins
  6 kobolds
  A rat (D:3)
119 creatures vanquished.

Vanquished Creatures (collateral kills)
  2 yaks (D:9)
  2 acid dragons
  A sky beast (D:8)
  An ice beast (D:7)
  3 black bears
  A kobold brigand (D:6)
  2 phantoms
  3 wights (D:8)
  5 killer bees (D:9)
  A bombardier beetle (D:5)
  A jelly (D:7)
  A hound (D:5)
  A gnoll bouda (D:6)
  3 orc priests (D:9)
  6 orc wizards
  4 gnolls
  An adder (D:6)
  A shadow imp (D:6)
  An ufetubus (D:6)
  11 orcs
  13 kobolds
64 creatures vanquished.

Vanquished Creatures (others)
  A kobold brigand (D:9)
  2 battlemagi (D:9)
  4 ancestors
  6 kobolds (D:9)
13 creatures vanquished.

Grand Total: 196 creatures vanquished

Notes
Turn   | Place    | Note
-------+----------+-------------------------------------------
     0 | D:1      | NormalPerson7 the Mummy Ice Elementalist began the quest
                  | for the Orb.
     0 | D:1      | Reached XP level 1. HP: 13/13 MP: 4/4
   194 | D:1      | Reached skill level 3 in Spellcasting
   265 | D:1      | Reached XP level 2. HP: 14/19 MP: 3/6
   630 | D:1      | Reached skill level 4 in Spellcasting
  1070 | D:2      | Reached XP level 3. HP: 16/24 MP: 5/8
  1110 | D:2      | Learned a level 3 spell: Frozen Ramparts
  1114 | D:2      | Learned a level 3 spell: Ozocubu's Armour
  1759 | D:3      | Found a stormy altar of Qazlal.
  1777 | D:3      | Found a broken altar of Ashenzari.
  1805 | D:3      | Found an ornate altar of the Wu Jian Council.
  1974 | D:3      | Reached XP level 4. HP: 30/30 MP: 10/10
  2174 | D:3      | Found an iron altar of Okawaru.
  2407 | D:3      | Noticed a scorpion
  2419 | D:3      | Killed a scorpion
  2554 | D:3      | Reached XP level 5. HP: 35/35 MP: 9/11
  2973 | D:4      | Noticed Pargi
  2983 | D:4      | Killed Pargi
  2984 | D:4      | Reached skill level 5 in Ice Magic
  3020 | D:4      | Reached XP level 6. HP: 41/41 MP: 10/12
  3069 | D:4      | Learned a level 3 spell: Summon Ice Beast
  3307 | D:4      | Reached skill level 1 in Summonings
  3696 | D:5      | Entered Level 5 of the Dungeon
  3992 | D:5      | Reached XP level 7. HP: 45/46 MP: 11/13
  4231 | D:5      | Found a staircase to the Ecumenical Temple.
  4244 | Temple   | Entered the Ecumenical Temple
  4268 | Temple   | Became a worshipper of Hepliaklqana the Forgotten
  4296 | D:5      | Noticed Eustachio
  4330 | D:5      | Reached skill level 5 in Spellcasting
  4490 | D:5      | Reached skill level 1 in Fighting
  4830 | D:5      | Learned a level 2 spell: Mercury Vapours
  4917 | D:5      | Killed Eustachio
  4983 | D:6      | Found a shadowy altar of Dithmenos.
  5034 | D:6      | Reached * piety under Hepliaklqana
  5083 | D:6      | Reached XP level 8. HP: 50/50 MP: 11/16
  5098 | D:6      | Found an opulent altar of Gozag.
  5267 | D:6      | Reached skill level 6 in Spellcasting
  5643 | D:7      | Found Rergheud's One-of-a-Kind Rings.
  5646 | D:7      | Identified the +9 whip of Fate {speed, rF+ Dex+2 SInv}
  5893 | D:7      | Reached skill level 1 in Shields
  6097 | D:7      | Reached ** piety under Hepliaklqana
  6098 | D:7      | Remembered your ancestor ExtraPerson7 as a battlemage
  6184 | D:7      | Reached XP level 9. HP: 56/56 MP: 16/19
  6216 | D:7      | Reached skill level 7 in Spellcasting
  6476 | D:7      | Reached skill level 5 in Alchemy
  6652 | D:8      | Found a sacrificial altar of Ru.
  7339 | D:9      | Identified the +1 chain mail of Dithmenos, Keeping {*Slow
                  | Fly rN+ Slay+3}
  7487 | D:9      | Reached skill level 8 in Spellcasting
  7581 | D:9      | Reached *** piety under Hepliaklqana
  7677 | D:9      | Noticed Maggie
  7828 | D:9      | Reached XP level 10. HP: 63/63 MP: 16/22
  7839 | D:9      | Learned a level 4 spell: Olgreb's Toxic Radiance
  8178 | D:9      | Noticed Erica
  8189 | D:9      | HP: 12/63 [Erica/+0 scimitar of flaming (12)]
  8189 | D:9      | Constricted to death by Erica

Illustrated notes

Levels and vault maps discovered:
D:1:      lemuel_arrival_room, layout_basic, minivault_11
D:2:      layout_basic, columned_hall_lemuel
D:3:      layout_basic, okawaru_ov_weapons_minmay, marbit_many_paths,
          grunt_temple_overflow_open
D:4:      layout_rooms, st_stairs_1, uniq_pargi
D:5:      layout_cave_pods, minmay_temple_entry_sparse_star, uniq_eustachio
D:6:      layout_rooms, nicolae_gozag_seed_capital,
          nicolae_dithmenos_shadow_blocks
D:7:      layout_loops_ring, nicolae_shop_unique_rings,
          kennysheep_decorative_pillar
D:8:      layout_loops_ring, nicolae_ru_awakened_eye
D:9:      layout_basic, lemuel_flamethrower_hall, uniq_maggie, uniq_erica,
          uniq_pikel
Temple:   nicolae_temple_bog_church

Skill      XL: |  1  2  3  4  5  6  7  8  9 10 |
---------------+-------------------------------+-----
Spellcasting   | 3 4 5 6 8 |  8.0
Ice Magic      | 4 5 6 7 |  7.0
Summonings     | 1 2 3 |  3.0
Fighting       | 2 3 |  3.0
Alchemy        | 2 3 7 |  7.9
Shields        | 3 |  3.0
Dodging        | |  1.5
Stealth        | |  1.5

Action                     |  1- 3 |  4- 6 |  7- 9 | 10-12 || total
---------------------------+-------+-------+-------+-------++-------
  Melee: Whip              |       |       |    31 |    15 ||    46
   Fire: Sling             |    71 |    76 |    37 |       ||   184
  Throw: Dart              |       |       |     1 |     1 ||     2
   Cast: Freeze            |    20 |    42 |    26 |       ||    88
         Frozen Ramparts   |       |     7 |    26 |     4 ||    37
         Ozocubu's Armour  |       |     2 |     8 |       ||    10
         Summon Ice Beast  |       |     1 |    23 |     1 ||    25
         Mercury Vapours   |       |       |     7 |     1 ||     8
         Olgreb's Toxic Ra |       |       |       |     2 ||     2
 Invoke: Ancestor Identity |       |       |     1 |       ||     1
         Recall Ancestor   |       |       |     6 |       ||     6
         Ancestor Life: Ba |       |       |     1 |       ||     1
    Use: Scroll            |       |     6 |     2 |       ||     8
   Stab: Sleeping          |       |       |     1 |       ||     1
 Armour: Robe              |    20 |    32 |    43 |       ||    95
         Troll leather arm |       |       |    23 |    20 ||    43
  Dodge: Dodged            |    14 |    26 |    43 |     7 ||    90
  Block: Buckler           |       |       |    12 |     4 ||    16

Table legend: (Time is in decaauts)
 A = Elapsed time spent in this place.
 B = Non-inter-level travel time spent in this place.
 C = Inter-level travel time spent in this place.
 D = Time resting spent in this place.
 E = Time spent auto-exploring this place.
 F = Levels seen in this place.
 G = Mean time per level.
                   A        B        C        D        E       F      G
               +--------+--------+--------+--------+--------+-----+--------+
         Total |   8250 |   7674 |    576 |   1164 |   4227 |  10 |  825.0 |
       Dungeon |   8204 |   7672 |    532 |   1164 |   4227 |   9 |  911.6 |
        Temple |     46 |      2 |     44 |      0 |      0 |   1 |   46.0 |
               +--------+--------+--------+--------+--------+-----+--------+

Top non-repeatable levels by time:
     D:3: 1342 daAuts
     D:5: 1245 daAuts
     D:7: 959 daAuts
     D:2: 919 daAuts
     D:1: 857 daAuts
     D:9: 827 daAuts
     D:8: 721 daAuts
     D:6: 705 daAuts
     D:4: 627 daAuts
  Temple: 46 daAuts
